 Dungeon Crawl Stone Soup version 0.26-a0-859-gf57989e088 (webtiles) character file.

Game seed: 8905989462413438310

1497 Atelerd the Magician (level 8, 0/50 HPs)
             Began as an Octopode Venom Mage on Nov 25, 2020.
             Slain by a shadow imp (5 damage)
             ... on level 6 of the Dungeon.
             The game lasted 00:15:00 (7862 turns).

Atelerd the Magician (Octopode Venom Mage)          Turns: 7862, Time: 00:15:00

Health: 0/50       AC:  1    Str:  7    XL:     8   Next: 81%
Magic:  1/17       EV: 14    Int: 20    God:
Gold:   369        SH:  0    Dex: 12    Spells: 8/19 levels left

rFire    . . .     SeeInvis .   r - +2 short sword (protect)
rCold    . . .     Faith    .   (no shield)
rNeg     . . .     Spirit   .   (helmet restricted)
rPois    .         Reflect  .   (no amulet)
rElec    .         Harm     .   (no ring)
rCorr    .         Rampage  .   (no ring)
MR       .....                  (no ring)
Stlth    ++........             (no ring)
HPRegen  0.16/turn              (no ring)
MPRegen  0.15/turn              (no ring)
                                (no ring)
                                (no ring)

@: confused, mighty, attractive, flying, hasted, very quick
A: almost no armour, stealthy swim, amphibious, 8 rings, constrict 8, camouflage
1, gelatinous body 1
a: no special abilities


You were on level 6 of the Dungeon.
You visited 1 branch of the dungeon, and saw 6 of its levels.

You collected 369 gold pieces.

Inventory:

Hand Weapons
 d - a +0 dagger
 n - a +0 falchion
 r - a +2 short sword of protection (weapon)
 y - a +2 rapier of venom
 B - a +1 vorpal long sword
Jewellery
 l - an uncursed ring of fire
Scrolls
 a - a scroll of identify
 f - a scroll of magic mapping {unknown}
 i - 5 scrolls of remove curse
 m - 2 scrolls of amnesia
 q - 2 scrolls of immolation {unknown}
 s - 2 scrolls of random uselessness {unknown}
 t - 3 scrolls of fear {unknown}
 u - a scroll of teleportation {unknown}
 v - a scroll of noise {unknown}
Potions
 b - 2 potions of brilliance
 c - a potion of flight
 h - a potion of resistance
 j - a potion of might
 k - a potion of curing {unknown}
 o - 3 potions of attraction
 p - a potion of cancellation {unknown}
 w - 2 potions of haste
 x - a potion of invisibility {unknown}
 z - a potion of heal wounds {unknown}
 A - 2 potions of mutation {unknown}


   Skills:
 - Level 2.0 Fighting
 - Level 2.0 Short Blades
 + Level 3.7 Dodging
 - Level 5.0 Stealth
 * Level 6.2 Spellcasting
 + Level 3.7 Conjurations
 - Level 1.0 Transmutations
 - Level 2.0 Fire Magic
 - Level 2.0 Air Magic
 + Level 5.7 Poison Magic


You had 8 spell levels left.
You knew the following spells:

 Your Spells              Type           Power        Failure   Level
a - Sting                 Tmut/Pois      ###.         2%          1
b - Mephitic Cloud        Conj/Pois/Air  ###.....     6%          3
f - Ignite Poison         Fire/Tmut/Pois ###.....     10%         3
r - Olgreb's Toxic Radia  Pois           ####....     10%         4

Your spell library contained the following spells:

 Spells                   Type           Power        Failure   Level
 Magic Dart               Conj           ###.         2%          1
 Poisonous Vapours        Pois/Air       ###...       3%          2
 Searing Ray              Conj           ###...       3%          2
 Dazzling Flash           Conj/Hex       ##....       14%         3
 Fulminant Prism          Conj/Hex       ##........   43%         4
 Iskenderun's Mystic Bla  Conj/Tloc      ##......     43%         4


Dungeon Overview and Level Annotations

Branches:
Dungeon (6/15)
 Temple: D:4-7

Altars:
Dithmenos
Fedhas
Kikubaaqudgha
Qazlal
Ru
Trog
Xom
The Shining One

Annotations:
D:2 exclusion: downstairs
D:5 exclusion: downstairs


Innate Abilities, Weirdness & Mutations

You cannot wear most types of armour.
You are very stealthy in the water. (Stealth+)
You are amphibious.
You can wear up to eight rings at the same time.
You can use your tentacles to constrict eight enemies at once.
Your skin changes colour to match your surroundings (Stealth+).
Your rubbery body absorbs attacks. (AC +1, EV +1)


Message History

You are more confused.
* * * LOW HITPOINT WARNING * * *
Something hits you but does no damage.
It was a potion of might.
You feel very mighty all of a sudden.
You are engulfed in noxious fumes.
You choke on the stench!
You are more confused.
The shadow imp grins evilly.
Unknown command.
You're too confused to move!
The shadow imp completely misses you. Something hits you but does no damage.
Unknown command.
It was a potion of attraction.
You feel attractive to monsters. The shadow imp barely misses you.
Something hits you.
* * * LOW HITPOINT WARNING * * *
Something shocks you.
* * * LOW HITPOINT WARNING * * *
It was a potion of haste.
You feel yourself speed up. The shadow imp hits you.
You die...

........###..+........+..
............##'#######..
..#......#...##..#.....#'
.....###.#.......#.....#.
.........#.......#....)#.
......#..........#.....#.
..### #.###......#.....#.
.....#.{........#....(#.
#..$≈@#§..###+#.....##
#.###5#............... #
..#.............>.
#..................
#!###.............. #.
............... ).
..............♣ ##
..............≈ ≈≈....
....#........#.


You could see a shadow imp.

Vanquished Creatures
  An orc warrior (D:6)
  Duvessa (D:4)
  2 phantoms (D:6)
  2 eyes of draining (D:3)
  A centaur (D:6)
  A big kobold (D:5)
  Dowan (D:4)
  A scorpion (D:5)
  2 electric eels (D:6)
  A bullfrog zombie (D:5)
  A centaur zombie (D:6)
  2 hounds (D:4)
  3 orc wizards
  A gnoll shaman (D:5)
  An orc priest (D:4)
  2 worker ants
  6 gnolls
  7 adders
  A shadow imp (D:6)
  2 white imps
  2 oozes
  An adder skeleton (D:4)
  3 worms
  4 dart slugs
  A leopard gecko (D:3)
  24 orcs
  6 giant cockroaches
  2 goblins
  5 hobgoblins
  14 jackals
  3 quokkas
  2 ball pythons (D:4)
  11 bats
  6 frilled lizards
  A giant cockroach zombie (D:6)
  33 kobolds
  A quokka skeleton (D:5)
  11 rats
169 creatures vanquished.

Vanquished Creatures (others)
  A gnoll (D:6)
  27 plants
28 creatures vanquished.

Grand Total: 197 creatures vanquished

Notes
Turn   | Place    | Note
-------+----------+-------------------------------------------
     0 | D:1      | Atelerd the Octopode Venom Mage began the quest for the
                  | Orb.
     0 | D:1      | Reached XP level 1. HP: 11/11 MP: 3/3
   319 | D:1      | Reached XP level 2. HP: 17/17 MP: 0/5
   853 | D:1      | Reached XP level 3. HP: 22/22 MP: 6/6
   857 | D:1      | Learned a level 3 spell: Mephitic Cloud
  1665 | D:2      | Reached skill level 1 in Fighting
  1788 | D:2      | Reached XP level 4. HP: 17/28 MP: 0/8
  2991 | D:3      | Reached skill level 1 in Conjurations
  3366 | D:3      | Reached skill level 3 in Spellcasting
  3461 | D:3      | Reached XP level 5. HP: 33/33 MP: 5/9
  3660 | D:3      | Learned a level 4 spell: Olgreb's Toxic Radiance
  3873 | D:3      | Found a bloodstained altar of Trog.
  3873 | D:3      | Noticed an eye of draining
  3873 | D:3      | Noticed an eye of draining
  3881 | D:3      | Reached skill level 1 in Air Magic
  4047 | D:3      | Killed an eye of draining
  4048 | D:3      | Reached XP level 6. HP: 36/38 MP: 0/11
  4079 | D:3      | Killed an eye of draining
  4583 | D:4      | Reached XP level 7. HP: 29/45 MP: 8/12
  4587 | D:4      | Learned a level 3 spell: Ignite Poison
  5078 | D:4      | Noticed Duvessa
  5078 | D:4      | Noticed Dowan
  5087 | D:4      | Killed Duvessa
  5088 | D:4      | Reached skill level 4 in Spellcasting
  5088 | D:4      | Killed Dowan
  5089 | D:4      | Reached skill level 1 in Short Blades
  5089 | D:4      | Reached skill level 5 in Poison Magic
  5906 | D:5      | Entered Level 5 of the Dungeon
  6069 | D:5      | Reached skill level 5 in Stealth
  6069 | D:5      | Reached skill level 1 in Fire Magic
  6628 | D:5      | Reached XP level 8. HP: 49/50 MP: 7/15
  6894 | D:5      | Reached skill level 5 in Spellcasting
  7463 | D:6      | Found a shadowy altar of Dithmenos.
  7465 | D:6      | Found a blossoming altar of Fedhas.
  7470 | D:6      | Found a glowing golden altar of the Shining One.
  7470 | D:6      | Found a stormy altar of Qazlal.
  7470 | D:6      | Found an ancient bone altar of Kikubaaqudgha.
  7471 | D:6      | Found a sacrificial altar of Ru.
  7486 | D:6      | Found a shimmering altar of Xom.
  7489 | D:6      | Found a shimmering altar of Xom.
  7491 | D:6      | Found a shimmering altar of Xom.
  7491 | D:6      | Found a shimmering altar of Xom.
  7575 | D:6      | Noticed a troll
  7802 | D:6      | Reached skill level 6 in Spellcasting
  7862 | D:6      | Slain by a shadow imp

Illustrated notes

Levels and vault maps discovered:
D:1:      nzn_arrival_crosshair, layout_rooms, minivault_24,
          serial_bayou_lagoon_a, hangedman_decor_growths, minmay_tetromino_t2
D:2:      layout_loops_cross
D:3:      layout_loops_ring, trog_eyes_of_draining
D:4:      minmay_door_path, layout_layer_cave, uniq_duvessa
D:5:      kennysheep_kobold_camp, layout_basic
D:6:      hangedman_cross_stitches, layout_gridville,
          grunt_temple_overflow_open, xom_redecorated, gammafunk_ghost_grave,
          serial_bayou, serial_bayou_ford_a, serial_bayou_pond_e,
          serial_bayou_pond_c, serial_bayou_lagoon_b, serial_bayou_lake_a

Skill      XL: |  1  2  3  4  5  6  7  8 |
---------------+-------------------------+-----
Stealth        | 3 4 5 |  5.0
Poison Magic   | 4 5 |  5.7
Fighting       | 1 2 |  2.0
Conjurations   | 1 2 3 |  3.7
Spellcasting   | 3 4 6 |  6.2
Air Magic      | 1 2 |  2.0
Dodging        | 3 |  3.7
Short Blades   | 2 |  2.0
Fire Magic     | 1 2 |  2.0
Transmutations | |  1.0

Action                   |  1- 3 |  4- 6 |  7- 9 || total
-------------------------+-------+-------+-------++-------
Melee: Unarmed           |    13 |       |       ||    13
       Constrict         |    16 |    31 |    23 ||    70
       Tentacles         |     9 |    16 |    13 ||    38
       Dagger            |    28 |     9 |       ||    37
       Falchion          |       |    35 |       ||    35
       Short sword       |       |    62 |   135 ||   197
 Cast: Sting             |    54 |    57 |    19 ||   130
       Mephitic Cloud    |       |     2 |    10 ||    12
       Olgreb's Toxic Ra |       |       |    10 ||    10
       Ignite Poison     |       |       |     9 ||     9
  Use: Scroll            |       |       |     7 ||     7
       Potion            |       |       |     6 ||     6
 Stab: Sleeping          |     5 |     8 |    10 ||    23
       Confused          |       |     4 |     1 ||     5
Armor: Skin              |    11 |    14 |    90 ||   115
Dodge: Dodged            |    51 |    99 |    64 ||   214
       Rpst.: Falchion   |       |    16 |       ||    16

Table legend: (Time is in decaauts)
 A = Elapsed time spent in this place.
 B = Non-inter-level travel time spent in this place.
 C = Inter-level travel time spent in this place.
 D = Time resting spent in this place.
 E = Time spent auto-exploring this place.
 F = Levels seen in this place.
 G = Mean time per level.
                   A        B        C        D        E       F      G
               +--------+--------+--------+--------+--------+-----+--------+
         Total |   7880 |   7572 |    308 |   1879 |   4558 |   6 | 1313.3 |
       Dungeon |   7880 |   7572 |    308 |   1879 |   4558 |   6 | 1313.3 |
               +--------+--------+--------+--------+--------+-----+--------+

Top non-repeatable levels by time:
     D:3: 1862 daAuts
     D:4: 1658 daAuts
     D:5: 1441 daAuts
     D:2: 1222 daAuts
     D:1: 1179 daAuts
     D:6: 516 daAuts
